Unix NetHack Version 5.0.0-0 post-release - last build May  4 2026 22:22:43 (774f63e81ad911689b3a0859ea89b322d5daca8d,branch:main).

Game began 2026-05-10 20:50:04, ended 2026-05-10 21:00:20.

A4Paper, chaotic female elven Wizard

     ---
   ---.-----
   |....)f..-
   |-...---@-
  --...-- |.&.
  |....|  -----
  |.----
  |.---
 --...|
 |....--
--.....|
|...).--
--.)..|
 --.---
  ---

A4Paper the Conjurer      St:9 Dx:12 Co:10 In:20 Wi:11 Ch:13  Chaotic S:1945
Dlvl:5  $:29 HP:0(29) Pw:6(53) AC:5  Xp:5/319 T:1381 

Latest messages:
 You fall down the stairs.
 There is a staircase up to level 4 here.
 You see here a crossbow bolt.
 You hit the gnome!
 The gnome hits!
 You kill the gnome!
 There is a staircase up to level 4 here.
 You see here a crossbow bolt.
 You see here a red gem.
 You have a little trouble lifting D - a red gem.
 The gnome hits!
 You kill the gnome!
 You see here a poisoned dart.
 What do you want to use or apply? [cl-nqsBC or ?*]
 Your lantern is now off.
 You have trouble lifting a poisoned dart.  Continue? [ynq] (q)
 You kill the gnome!
 You begin praying to Anhur.
 You are surrounded by a shimmering light.
 You hear an E flat squeak in the distance.
 You finish your prayer.
 You feel that Anhur is well-pleased.
 You begin praying to Anhur.
 You finish your prayer.
 The voice of Anhur booms: 
 "Thou art arrogant, mortal."
 "Thou must relearn thy lessons!"
 You feel foolish!
 Goodbye level 6.
 You begin praying to Anhur.
 You finish your prayer.
 The voice of Anhur booms: 
 "Thou durst call upon me?"
 "Then die, mortal!"
 You begin praying to Anhur.
 The succubus of Anhur hits!
 The succubus of Anhur hits again!
 The succubus of Anhur hits!
 The succubus of Anhur hits again!
 Bluey drops a poisoned dart.
 You finish your prayer.
 The voice of Anhur booms out: "Thou hast angered me."
 Suddenly, a bolt of lightning strikes you!
 It reflects from your medallion.
 Anhur is not deterred...
 A wide-angle disintegration beam hits you!
 Your cloak crumbles and turns to dust!
 Your mail turns to dust and falls to the floor!
 You disintegrate into a pile of dust!
 Do you want your possessions identified? [ynq] (y)

Inventory:
 Coins    ('$')
  $ - 29 gold pieces
 Amulets  ('"')
  r - an uncursed amulet of reflection (being worn)
 Weapons  (')')
  a - a blessed +2 quarterstaff (weapon in hands)
 Comestibles  ('%')
  v - 2 uncursed food rations
 Scrolls  ('?')
  k - an uncursed scroll of stinking cloud
 Spellbooks  ('+')
  m - an uncursed spellbook of create monster
  l - a blessed spellbook of force bolt
  s - an uncursed spellbook of magic missile
 Potions  ('!')
  g - a blessed potion of booze
  h - an uncursed potion of water
 Rings    ('=')
  t - an uncursed ring of searching
  d - an uncursed ring of see invisible
  e - an uncursed ring of warning (on right hand)
 Wands    ('/')
  q - a wand of digging (0:6)
  c - a wand of magic missile (0:4)
  C - a wand of striking (0:7)
 Tools    ('(')
  B - an uncursed brass lantern
  n - a magic marker (0:22)
 Gems/Stones  ('*')
  D - an uncursed ruby
  p - an uncursed worthless piece of blue glass
  z - 2 uncursed worthless pieces of green glass
  w - an uncursed worthless piece of orange glass

A4Paper the Wizard's attributes:

Background:
 You were a Conjurer, a level 5 female elven Wizard.
 You were chaotic, on a mission for Anhur
 who was opposed by Ptah (lawful) and Thoth (neutral).
 You were right-handed.
 You were in the Gnomish Mines, on level 5.
 You entered the dungeon 1381 turns ago.
 You had 319 experience points, 1 more was needed to attain level 6.
 Your score was 1945 before end-of-game adjustments.

Basics:
 You had 0 out of 29 hit points.
 You had 6 out of 53 energy points (spell power).
 Your armor class was 10.
 Your wallet contained 29 zorkmids.
 Autopickup was off.

Final Characteristics:
 Your strength was 9 (limit:18).
 Your dexterity was 12 (limit:18).
 Your constitution was 10 (limit:16).
 Your intelligence was 20 (limit:20).
 Your wisdom was 11 (peak:12, limit:20).
 Your charisma was 13 (limit:18).

Final Status:
 You weren't hungry.
 You were unencumbered.
 You were wielding a quarterstaff.
 You had basic skill with quarterstaff.
 You weren't wearing any armor.

Final Attributes:
 You were devoutly aligned.
 You were sleep resistant.
 You were poison resistant.
 You were warned.
 You had infravision.
 You were fast.
 You had reflection.
 You were very unlucky.
 Anhur was angry with you.
 You are dead.

Miscellaneous:
 You didn't encounter any bones levels.
 Total elapsed playing time was 10 minutes and 16 seconds.

Major events:
 Turn
    1: A4Paper the chaotic female elven Wizard entered the dungeon
  524: attained the rank of Conjurer (level 3)
 1164: entered the Gnomish Mines
 1181: attained the rank of Thaumaturge (level 6)
 1381: killed by the wrath of Anhur

Spells:
 Name                 Level Category     Fail Retention
 force bolt             1   attack         0%  91%-100%
 create monster         2   clerical      27%  76%-100%
 magic missile          2   attack         0%  91%-100%

Skills:
 Fighting Skills
   bare handed combat [Unskilled]
   riding             [Unskilled]
 Weapon Skills
   dagger             [Unskilled]
   knife              [Unskilled]
   axe                [Unskilled]
   short sword        [Unskilled]
   club               [Unskilled]
   mace               [Unskilled]
   quarterstaff       [Basic]
   polearms           [Unskilled]
   spear              [Unskilled]
   trident            [Unskilled]
   sling              [Unskilled]
   dart               [Unskilled]
   shuriken           [Unskilled]
 Spellcasting Skills
   attack spells      [Basic]
   healing spells     [Unskilled]
   divination spells  [Unskilled]
   enchantment spells [Basic]
   clerical spells    [Unskilled]
   escape spells      [Unskilled]
   matter spells      [Unskilled]

Voluntary challenges:
 Character rerolling was not enabled.
 You never genocided any monsters.
 You never polymorphed an object.
 You never changed form.
 You used no wishes.
Achievements:
 You attained the rank of Conjurer.
 You entered the Gnomish Mines.
 You attained the rank of Thaumaturge.

 The Dungeons of Doom: levels 1 to 3
    Level 1:
    Level 2:
       A sink.
    Level 3:
       Stairs down to The Gnomish Mines.
 The Gnomish Mines: levels 4 to 5
    Level 4:
    Level 5: <- You were here.
       Final resting place for
          you, killed by the wrath of Anhur.


Vanquished creatures:
  a black pudding
 an amorous demon
  2 shriekers
  3 gnome leaders
  2 dwarves
  a hobbit
  2 large kobolds
  8 gnomes
  5 garter snakes
  a gecko
  3 kobolds
  2 sewer rats
  3 grid bugs
  6 lichens
  a kobold zombie
  4 newts
45 creatures vanquished.

No species were genocided or became extinct.

Game over:
                       ----------
                      /          \
                     /    REST    \
                    /      IN      \
                   /     PEACE      \
                  /                  \
                  |     A4Paper      |
                  |      29 Au       |
                  |  killed by the   |
                  |  wrath of Anhur  |
                  |                  |
                  |                  |
                  |       2026       |
                 *|     *  *  *      | *
        _________)/\\_//(\/(/\)/\//\/|_)_______

Goodbye A4Paper the Wizard...

You died in The Gnomish Mines on dungeon level 5 with 1943 points,
and 29 pieces of gold, after 1381 moves.
You were level 5 with a maximum of 29 hit points when you died.

